 Dungeon Crawl Stone Soup version 0.31-a0-237-g2d982f9f85 (webtiles) character file.

Game seed: 8723997358985396980

1129 rabbitsville the Ruffian (level 8, 70/70 HPs)
             Began as a Hill Orc Transmuter on July 12, 2023.
             Quit the game on level 5 of the Dungeon.
             The game lasted 00:15:57 (5701 turns).

rabbitsville the Ruffian (Hill Orc Transmuter)      Turns: 5701, Time: 00:15:58

Health: 70/70      AC:  5    Str: 13      XL:     8   Next: 35%
Magic:  10/10      EV:  9    Int: 14 (15) God:
Gold:   199        SH:  8    Dex: 10 (11) Spells: 9/10 levels left

rFire   . .          .
                       - Unarmed
rCold   . . .        c - +2 kite shield
rNeg    . . .        a - +0 robe
rPois   .            (no helmet)
rElec   .            e - +0 cloak
rCorr   .            h - +0 pair of gloves
SInv    .            q - +0 pair of boots
Will    .....        (no amulet)
Stlth   +            (no ring)
HPRegen 0.31/turn    (no ring)
MPRegen 0.12/turn

%: no passive effects
@: no status effects
A: no striking features
a: no special abilities


You were on level 5 of the Dungeon.
You visited 1 branch of the dungeon, and saw 5 of its levels.

You collected 199 gold pieces.

Inventory:

Missiles
 k - 6 curare-tipped darts
 p - 10 poisoned darts
Armour
 a - a +0 robe (worn)
 c - a +2 kite shield (worn)
 e - a +0 cloak (worn)
 h - a +0 pair of gloves (worn)
 q - a +0 pair of boots (worn)
Jewellery
 n - an amulet of faith
Wands
 m - a wand of flame (7)
Scrolls
 f - a scroll of enchant armour {unknown}
 i - a scroll of revelation {unknown}
 j - a scroll of brand weapon {unknown}
 l - 2 scrolls of fear {unknown}
 o - a scroll of silence {unknown}
 r - 2 scrolls of teleportation {unknown}
 u - 2 scrolls of identify {unknown}
 v - 2 scrolls of enchant weapon {unknown}
Potions
 b - a potion of lignification
 d - 2 potions of haste
 g - a potion of mutation {unknown}
 s - a potion of might {unknown}
 t - a potion of attraction {unknown}
 w - a potion of berserk rage {unknown}


   Skills:
 + Level 5.7 Fighting
 - Level 1.5 Dodging
 + Level 6.1 Unarmed Combat
 - Level 1.5 Spellcasting
 * Level 5.4 Transmutations


You had 9 spell levels left.
You knew the following spells:

 Your Spells              Type           Power      Damage    Failure   Level
a - Beastly Appendage     Tmut           32%        N/A       12%         1

Your spell library contained the following spells:

 Spells                   Type           Power      Damage    Failure   Level
 Wereblood                Tmut           16%        N/A       17%         2
 Sting                    Tmut/Pois      32%        1d4       34%         1
 Passwall                 Tmut/Erth      6%         N/A       45%         2
 Freeze                   Ice            4%         1d3       71%         1
 Sandblast                Erth           2%         2d4       71%         1
 Spider Form              Tmut/Pois      8%         N/A       71%         3
 Lesser Beckoning         Tloc           2%         N/A       85%         2
 Poisonous Vapours        Pois/Air       2%         N/A       85%         2
 Frozen Ramparts          Ice            2%         1d1       97%         3
 Gell's Gravitas          Tloc           1%         N/A       97%         3
 Hailstorm                Conj/Ice       1%         3d3       97%         3
 Mephitic Cloud           Conj/Pois/Air  1%         N/A       97%         3
 Stone Arrow              Conj/Erth      2%         3d7       97%         3
 Teleport Other           Tloc           1%         N/A       97%         3
 Ice Form                 Ice/Tmut       8%         N/A       98%         4
 Olgreb's Toxic Radiance  Pois           1%         N/A       100%        4
 Alistair's Intoxication  Tmut/Pois      5%         N/A       100%        5


Dungeon Overview and Level Annotations

Branches:
Dungeon (5/15)
 Temple: D:4-7

Altars:
Sif Muna
Trog
Xom

Shops:
D:1 [

Annotations:
D:3 2 exclusions, Grinder


Message History

You barely miss the wolf. Your kick misses the wolf.
The wolf is severely wounded.
The wolf bites you!
You closely miss the wolf. Your headbutt misses the wolf.
The wolf is severely wounded.
You block the wolf's attack. The wolf closely misses you.
You hit the wolf. You claw the wolf. Your headbutt misses the wolf.
The wolf is almost dead.
The wolf bites you! The wolf bites you.
* * * LOW HITPOINT WARNING * * *
You barely miss the wolf. Your headbutt misses the wolf.
The wolf is almost dead.
The wolf bites you but does no damage. The wolf bites you.
* * * LOW HITPOINT WARNING * * *
You barely miss the wolf.
The wolf is almost dead.
You block the wolf's attack. The wolf bites you but does no damage.
You hit the wolf but do no damage. Your kick misses the wolf.
The wolf is almost dead.
You block the wolf's attack. The wolf bites you but does no damage.
You punch the wolf!
You kill the wolf!
There is an open gate here.
You see here a wolf corpse.
r - 2 scrolls labelled DEZUEC UPAOCATY (gained 1)
You now have 199 gold pieces (gained 10).
You see here a +0 halberd of venom.
p - 10 poisoned darts (gained 6)
Your transformation is almost over.
Your horns disappear.
Your talons disappear.
Your +0 pair of boots unmelds from your body.
You see here a +1 mace of distortion.
There is an open gate here.
You see here a +0 whip.
Found a stone staircase leading down.
An ufetubus comes into view.
The ufetubus shouts!
Are you sure you want to abandon this character and quit the game? (Confirm with "yes".)
Okay, then.
Are you sure you want to abandon this character and quit the game? (Confirm with "yes".)

.. #.. ..#........ ##.#
##.# ##........... #...
#... ...####......
....#..# ##..## #######
#..#..# #....###~~~~~#
#....###....##~~~~~~~
##....#..>.#..#~~...~~
.##..#..........#~~._...
..5....@####..###~~...~~
.......?.##...# #~~~~~~~
.........##...####~~~~~#
.................#######
###......#..#..........#
..##..#.####....###...#
... ..# ## #+..+# ##..#
.. ... #....# #...#
##...# #....


You could see an ufetubus.

Vanquished Creatures
  Menkaure (D:5)
  2 black bears (D:4)
  A wolf (D:5)
  A gnoll sergeant (D:5)
  4 scorpions
  3 wights
  A hound (D:5)
  An iguana (D:5)
  An orc wizard (D:4)
  9 gnolls
  5 adders
  A dart slug (D:3)
  A worm (D:5)
  4 orcs (D:4)
  10 ball pythons
  7 bats
  8 endoplasms
  5 giant cockroaches
  7 goblins
  5 hobgoblins
  5 jackals (D:2)
  7 kobolds
  5 quokkas
  3 frilled lizards
  9 rats
106 creatures vanquished.

Notes
Turn   | Place    | Note
-------+----------+-------------------------------------------
     0 | D:1      | rabbitsville the Hill Orc Transmuter began the quest for
                  | the Orb.
     0 | D:1      | Reached XP level 1. HP: 16/16 MP: 3/3
   136 | D:1      | Reached XP level 2. HP: 23/23 MP: 4/4
   148 | D:1      | Found Udghanido's Armour Emporium.
   450 | D:1      | Reached XP level 3. HP: 27/29 MP: 5/5
  1330 | D:2      | Reached XP level 4. HP: 37/37 MP: 4/6
  2016 | D:3      | Found a shimmering altar of Xom.
  2016 | D:3      | Noticed Grinder
  2033 | D:3      | Paralysed by something for 4 turns
  2177 | D:3      | Got the Folio of Intoxication
  2257 | D:3      | Reached skill level 4 in Unarmed Combat
  2813 | D:3      | Reached XP level 5. HP: 31/45 MP: 5/7
  2906 | D:4      | Reached XP level 6. HP: 35/51 MP: 6/8
  3449 | D:4      | Reached skill level 5 in Unarmed Combat
  3449 | D:4      | Reached XP level 7. HP: 49/59 MP: 7/9
  3826 | D:4      | Found a bloodstained altar of Trog.
  4679 | D:5      | Entered Level 5 of the Dungeon
  4691 | D:5      | Reached skill level 5 in Fighting
  4864 | D:5      | Noticed Menkaure
  4880 | D:5      | Killed Menkaure
  4881 | D:5      | Reached skill level 5 in Transmutations
  4881 | D:5      | Reached XP level 8. HP: 23/68 MP: 10/10
  5285 | D:5      | Reached skill level 6 in Unarmed Combat
  5362 | D:5      | Found a shimmering blue altar of Sif Muna.
  5701 | D:5      | Quit the game

Illustrated notes

Levels and vault maps discovered:
D:1:      shiori_shiawase, layout_loops_ring, serial_shops, shop
D:2:      layout_loops_corners, kennysheep_generic_room_16
D:3:      layout_basic, nicolae_overflow_crystal_walls, uniq_grinder
D:4:      nicolae_cairo_tiling, layout_gridville, trog_ov_bears_minmay
D:5:      layout_cave_pools, led_sif_pool, serial_gnoll_camp,
          gnoll_camp_medium_01, gnoll_camp_mini_loothouse,
          gnoll_camp_mini_sergeant, grums_kennel, gnoll_camp_mini_shop,
          serial_shops, nicolae_shop_tiny_statue_garden,
          minmay_misc_feat_hallway, uniq_menkaure, uniq_crazy_yiuf_cottage

Skill      XL: |  1  2  3  4  5  6  7  8 |
---------------+-------------------------+-----
Transmutations | 2 3 4 5 |  5.4
Fighting       | 2 3 4 5 |  5.7
Unarmed Combat | 4 5 6 |  6.1
Dodging        | |  1.5
Spellcasting   | |  1.5

Action                     |  1- 3 |  4- 6 |  7- 9 || total
---------------------------+-------+-------+-------++-------
  Melee: Unarmed           |   112 |   141 |   117 ||   370
         Kick              |    18 |    32 |    31 ||    81
         Headbutt          |    14 |    15 |    24 ||    53
         Punch             |     2 |     5 |     3 ||    10
   Cast: Beastly Appendage |    26 |    28 |    15 ||    69
    Use: Potion            |       |       |     2 ||     2
   Stab: Sleeping          |     1 |     2 |       ||     3
 Armour: Robe              |    29 |    30 |    23 ||    82
  Dodge: Dodged            |    86 |    58 |    51 ||   195
  Block: Kite shield       |       |       |    16 ||    16

Table legend: (Time is in decaauts)
 A = Elapsed time spent in this place.
 B = Non-inter-level travel time spent in this place.
 C = Inter-level travel time spent in this place.
 D = Time resting spent in this place.
 E = Time spent auto-exploring this place.
 F = Levels seen in this place.
 G = Mean time per level.
                   A        B        C        D        E       F      G
               +--------+--------+--------+--------+--------+-----+--------+
         Total |   5660 |   5431 |    229 |    488 |   3655 |   5 | 1132.0 |
       Dungeon |   5660 |   5431 |    229 |    488 |   3655 |   5 | 1132.0 |
               +--------+--------+--------+--------+--------+-----+--------+

Top non-repeatable levels by time:
     D:4: 1960 daAuts
     D:2: 1266 daAuts
     D:1: 875 daAuts
     D:5: 866 daAuts
     D:3: 691 daAuts
